 Dungeon Crawl Stone Soup version 0.30.0-15-g856e2d3f33 (webtiles) character file.

Game seed: 12263773301758088709

480 Jackthecabe the Poker (level 6, -3/48 HPs)
             Began as a Demonspawn Warper on May 20, 2023.
             Slain by Menkaure (11 damage)
             ... on level 4 of the Dungeon.
             The game lasted 00:04:38 (3224 turns).

Jackthecabe the Poker (Demonspawn Warper)           Turns: 3224, Time: 00:04:38

Health: -3/48      AC:  9    Str: 14    XL:     6   Next: 86%
Magic:  9/9        EV:  7    Int: 14    God:
Gold:   166        SH:  0    Dex: 12    Spells: 9/9 levels left

rFire   . . .        u - +0 scythe
rCold   . . .        (shield currently unavailable)
rNeg    . . .        g - +0 chain mail
rPois   .            p - +1 hat
rElec   .            (no cloak)
rCorr   .            (no gloves)
SInv    .            (no boots)
Will    .....        (no amulet) Stlth
                     (no ring)
HPRegen 0.28/turn    (no ring)
MPRegen 0.11/turn

%: no passive effects
@: no status effects
A: demonic guardian 1, foul stench 1, demonic touch 2
a: no special abilities


You were on level 4 of the Dungeon.
You visited 1 branch of the dungeon, and saw 4 of its levels.

You collected 166 gold pieces.

Inventory:

Hand Weapons
 a - a +0 spear
 u - a +0 scythe (weapon)
   (You took it off Sigmund on level 3 of the Dungeon)
Missiles
 d - 5 boomerangs of dispersal (quivered) {=f}
 s - 4 boomerangs
Armour
 b - a +0 leather armour
 g - a +0 chain mail (worn)
   (You found it on level 1 of the Dungeon)
 p - a +1 hat (worn)
   (You found it on level 3 of the Dungeon)
Jewellery
 v - an amulet of guardian spirit
   (You found it on level 3 of the Dungeon)
Scrolls
 c - 2 scrolls of blinking {!r!d}
 i - a scroll of poison {unknown}
 j - 5 scrolls of identify {unknown}
 n - a scroll of amnesia {unknown}
 o - a scroll of summoning {unknown}
 t - 2 scrolls of immolation {unknown}
Potions
 e - 2 potions of might {unknown}
 f - 6 potions of curing {unknown}
 h - 3 potions of cancellation {unknown}
 k - a potion of degeneration {unknown}
 l - a potion of lignification {unknown}
 m - a potion of heal wounds {unknown}
 q - a potion of brilliance {unknown}
 r - a potion of attraction {unknown}
 w - 2 potions of resistance {unknown}


   Skills:
 + Level 4.0 Fighting
 - Level 6.0 Polearms
 - Level 0.8 Throwing
 - Level 0.8 Armour
 - Level 1.7 Dodging
 - Level 2.0 Spellcasting
 - Level 2.6 Translocations


You had 9 spell levels left.
You didn't know any spells.
Your spell library contained the following spells:

 Spells                   Type           Power      Damage    Failure   Level
 Blink                    Tloc           16%        N/A       91%         2
 Lesser Beckoning         Tloc           16%        N/A       91%         2
 Shock                    Conj/Air       4%         1d3       99%         1
 Teleport Other           Tloc           8%         N/A       99%         3
 Sublimation of Blood     Necr           1%         N/A       100%        2
 Wereblood                Tmut           1%         N/A       100%        2
 Swiftness                Air            1%         N/A       100%        3
 Vhi's Electric Charge    Tloc/Air       10%        N/A       100%        3
 Airstrike                Air            0%         2d(1-17)  100%        4
 Manifold Assault         Tloc           8%         N/A       100%        4
 Summon Hydra             Summ           0%         N/A       100%        7


Dungeon Overview and Level Annotations

Branches:
Dungeon (4/15)
 Temple: D:4-7

Altars:

Annotations:
D:2 1 runed translucent door, Crazy Yiuf
D:4 Menkaure


Innate Abilities, Weirdness & Mutations

A weak demonic guardian rushes to your aid.
You may rarely emit foul miasma when damaged in melee.
Your touch may inflict irresistible damage on your foes.


Message History

You take 1 damage, and have 47/48 hp.
You puncture the orc!
You kill the orc!
The orc hits you with a +0 club. x2
You take 2 damage, and have 45/48 hp.
You puncture the kobold!
You kill the kobold!
The orc barely misses you. x2
You barely miss the orc. The orc hits you with a +0 club.
The orc hits you but does no damage.
You take 5 damage, and have 40/48 hp.
You barely miss the orc. The orc barely misses you.
The orc hits you but does no damage.
You barely miss the orc. The orc barely misses you.
The orc hits you but does no damage. x2; The orc barely misses you.
You closely miss the orc. The orc barely misses you.
The orc closely misses you.
You hit the orc. The orc completely misses you.
The orc hits you but does no damage.
You hit the orc. The orc hits you with a +0 club.
The orc hits you but does no damage.
You take 1 damage, and have 40/48 hp.
You barely miss the orc. The orc hits you with a +0 club. x2
You take 6 damage, and have 34/48 hp.
You barely miss the orc. The orc hits you but does no damage. x4
You completely miss the orc. The orc hits you with a +0 club.
The orc barely misses you.
You take 1 damage, and have 34/48 hp.
You closely miss the orc. The orc hits you but does no damage.
The orc hits you with a +0 club.
You take 1 damage, and have 33/48 hp.
You closely miss the orc. The orc hits you with a +0 club.
The orc hits you but does no damage.
You take 3 damage, and have 30/48 hp.
You hit the orc.
You kill the orc!
The orc hits you but does no damage.
You closely miss the orc. The orc hits you but does no damage.
The orc barely misses you.
You closely miss the orc. The orc barely misses you.
You closely miss the orc. The orc hits you but does no damage.
You hit the orc. The orc hits you but does no damage.
You slash the orc!
You kill the orc!
A hound comes into view.
You regained 8 hp, and now have 40/48 hp.
The hound barks!
Things that are here:
a +0 club; a +0 leather armour; an orc corpse No target in view!
No target in view!
No target in view!
A hound is nearby!
You reach to attack!
You barely miss the hound. The hound bites you but does no damage.
You closely miss the hound. The hound barely misses you.
You closely miss the hound. The hound bites you but does no damage.
The hound barely misses you.
You barely miss the hound.
The hound bites you but does no damage. x2
You closely miss the hound. The hound completely misses you.
The hound bites you but does no damage.
You closely miss the hound. The hound bites you but does no damage.
The hound bites you.
You take 1 damage, and have 42/48 hp.
You puncture the hound! The hound bites you but does no damage.
You closely miss the hound. The hound closely misses you. The hound bites you.
You closely miss the hound. The hound barely misses you. x2
You slash the hound!
You kill the hound!
Your Fighting skill increases to level 4!
No target in view!
Things that are here:
a +0 club; 7 poisoned darts; a +0 club; Health restored: 48
f - 6 fuming puce potions (gained 1)
w - 2 bubbling orange potions (gained 1) Menkaure shouts!
No target in view!
No target in view!
Menkaure casts a spell.
Menkaure seems to speed up.
Menkaure is nearby!
Menkaure calls on the powers of darkness!
Your body is wracked with pain!
You take 23 damage, and have 25/48 hp.
MASSIVE DAMAGE!!
You reach to attack!
You hit Menkaure. Menkaure barely misses you.
You hit Menkaure. Menkaure hits you!!
* * * LOW HITPOINT WARNING * * *
A demonic guardian appears!
You take 17 damage, and have 8/48 hp.
MASSIVE DAMAGE!!
You are too injured to fight recklessly!
You are too injured to fight recklessly!
You aren't carrying any items that you can evoke.
Okay, then.
Menkaure misses you.
Your quasit bites Menkaure but does no damage.
Your quasit claws Menkaure but does no damage.
Your quasit claws Menkaure.
Menkaure shouts, "Why can't you leave me to my rest?"
Menkaure hits you!
You die...

...# #.....##.##
#..####..#####...
#.........###.##
#...........##
###.#.#####.....
#.....# ##...#.
##.##.## ##......
##.....# #..####.
#@M5#### #### ##
#....## #
######....## #
#<)M..>.###
#......##..###
#....###..!#...
..## .### .... .#
... .# ..


You could see Menkaure (fast, ally target) and a friendly quasit (summoned).

Vanquished Creatures
  Sigmund (D:3)
  A phantom (D:3)
  A hound (D:4)
  An orc wizard (D:4)
  4 adders (D:2 D:3)
  A worm (D:2)
  12 orcs (D:2 D:3 D:4)
  3 ball pythons (D:1 D:2)
  5 endoplasms (D:2 D:3)
  3 giant cockroaches (D:2 D:3)
  6 goblins (D:1 D:2 D:3)
  4 quokkas (D:1 D:2 D:3)
  A bat (D:2)
  5 kobolds (D:1 D:2 D:3 D:4)
  8 rats (D:2 D:3)
56 creatures vanquished.

Vanquished Creatures (collateral kills)
  An ice beast (D:3)
  An orc (D:4)
  A kobold (D:3)
3 creatures vanquished.

Grand Total: 59 creatures vanquished

Notes
Turn   | Place    | Note
-------+----------+-------------------------------------------
     0 | D:1      | Jackthecabe the Demonspawn Warper began the quest for the
                  | Orb.
     0 | D:1      | Reached XP level 1. HP: 16/16 MP: 3/3
    93 | D:1      | Reached skill level 2 in Polearms
   305 | D:1      | Gained mutation: A weak demonic guardian rushes to your
                  | aid. [demonic ancestry]
   305 | D:1      | Reached XP level 2. HP: 19/22 MP: 5/5
   619 | D:2      | Reached skill level 3 in Polearms
   620 | D:2      | HP: 11/22 [poisoned by an adder]
   712 | D:2      | Reached XP level 3. HP: 25/27 MP: 6/6
   733 | D:2      | HP: 12/27 [worm (8)]
  1469 | D:2      | Found a runed translucent door.
  1470 | D:2      | Noticed Crazy Yiuf
  1908 | D:3      | Gained mutation: Your touch may inflict minor irresistible
                  | damage on your foes. [demonic ancestry]
  1908 | D:3      | Reached XP level 4. HP: 33/33 MP: 7/7
  1917 | D:3      | Reached skill level 4 in Polearms
  2110 | D:4      | Noticed Menkaure
  2110 | D:4      | Noticed a phantom
  2122 | D:3      | Killed a phantom
  2123 | D:3      | Reached skill level 5 in Polearms
  2123 | D:3      | Gained mutation: Your touch may inflict irresistible damage
                  | on your foes. [demonic ancestry]
  2123 | D:3      | Reached XP level 5. HP: 33/38 MP: 8/8
  2145 | D:4      | HP: 15/38 [Menkaure (17)]
  2147 | D:4      | HP: 7/38 [Menkaure/nerve-wracking pain (9)]
  2389 | D:3      | Noticed Sigmund
  2483 | D:3      | Killed Sigmund
  2484 | D:3      | Reached skill level 6 in Polearms
  2484 | D:3      | Gained mutation: You may rarely emit foul miasma when
                  | damaged in melee. [demonic ancestry]
  2484 | D:3      | Reached XP level 6. HP: 37/44 MP: 9/9
  2538 | D:3      | Noticed an ice beast
  2553 | D:3      | Killed an ice beast
  2554 | D:3      | Reached skill level 3 in Fighting
  3134 | D:4      | Reached skill level 4 in Fighting
  3223 | D:4      | HP: 8/48 [Menkaure (18)]
  3224 | D:4      | Slain by Menkaure

Illustrated notes

Levels and vault maps discovered:
D:1:      dpeg_arrival_long_road, layout_basic, minmay_misc_feat_columns,
          minmay_door_square
D:2:      layout_basic, nicolae_elevator_lobby_plus, uniq_crazy_yiuf_cottage
D:3:      layout_basic, uniq_sigmund
D:4:      minmay_bubble_buster, layout_rooms, gammafunk_temple_overflow_pools,
          uniq_menkaure

Skill      XL: |  1  2  3  4  5  6 |
---------------+-------------------+-----
Polearms       | 2 3 5 6 |  6.0
Fighting       | 4 |  4.0
Throwing       | |  0.8
Armour         | |  0.8
Dodging        | |  1.7
Spellcasting   | |  2.0
Translocations | |  2.6

Action                     |  1- 3 |  4- 6 || total
---------------------------+-------+-------++-------
  Melee: Spear             |   131 |    47 ||   178
         Touch             |       |    10 ||    10
         Halberd           |       |    76 ||    76
  Throw: Boomerang         |       |     6 ||     6
 Armour: Leather armour    |     5 |       ||     5
         Chain mail        |    51 |    56 ||   107
  Dodge: Dodged            |    35 |    47 ||    82

Levels and vault maps discovered:
D:1:      dpeg_arrival_long_road, layout_basic, minmay_misc_feat_columns,
          minmay_door_square
D:2:      layout_basic, nicolae_elevator_lobby_plus, uniq_crazy_yiuf_cottage
D:3:      layout_basic, uniq_sigmund
D:4:      minmay_bubble_buster, layout_rooms, gammafunk_temple_overflow_pools,
          uniq_menkaure

Table legend: (Time is in decaauts)
 A = Elapsed time spent in this place.
 B = Non-inter-level travel time spent in this place.
 C = Inter-level travel time spent in this place.
 D = Time resting spent in this place.
 E = Time spent auto-exploring this place.
 F = Levels seen in this place.
 G = Mean time per level.
                   A        B        C        D        E       F      G
               +--------+--------+--------+--------+--------+-----+--------+
         Total |   3229 |   3090 |    139 |    299 |   2340 |   4 |  807.2 |
       Dungeon |   3229 |   3090 |    139 |    299 |   2340 |   4 |  807.2 |
               +--------+--------+--------+--------+--------+-----+--------+

Top non-repeatable levels by time:
     D:2: 1291 daAuts
     D:3: 1064 daAuts
     D:1: 595 daAuts
     D:4: 278 daAuts

Table legend:
 A = Kills in this place as a percentage of kills in the entire game.
 B = Kills by you in this place as a percentage of kills by you in the entire game.
 C = Kills by friends in this place as a percentage of kills by friends in the entire game.
 D = Other kills in this place as a percentage of other kills in the entire game.
 E = Experience gained in this place as a percentage of experience gained in the entire game.
 F = Experience gained in this place divided by the number of levels of this place that you have seen.
                   A       B       C       D       E      F
               +-------+-------+-------+-------+-------+----------------------
         Total | 100.0 | 100.0 | 100.0 |   N/A | 100.0 | 171.8
       Dungeon | 100.0 | 100.0 | 100.0 |   N/A | 100.0 | 171.8
               +-------+-------+-------+-------+-------+----------------------
